 Dungeon Crawl Stone Soup version 0.23.2-30-g0e89c35649 (webtiles) character file.

Game seed: 15694194077880372301

37 Mrkan the Cudgeler (level 3, 0/24 HPs)
             Began as a Gargoyle Monk on June 24, 2019.
             Slain by an adder (4 damage)
             ... on level 2 of the Dungeon.
             The game lasted 00:01:25 (450 turns).

Mrkan the Cudgeler (Gargoyle Monk)                   Turns: 450, Time: 00:01:25

Health: 0/24       AC:  5    Str: 15    XL:     3   Next: 39%
Magic:  3/3        EV: 12    Int: 10    God:
Gold:   59         SH:  0    Dex: 12    Spells: 2/2 levels left

rFire    . . .     SeeInvis .   a - +0 mace
rCold    . . .     Gourm    .   (no shield)
rNeg     + . .     Faith    .   b - +0 robe
rPois    ∞         Spirit   .   (no helmet)
rElec    +         Reflect  .   (no cloak)
rCorr    .         Harm     .   (no gloves)
MR       .....                  (no boots)
Stlth    ++........             (no amulet)
HPRegen  0.08/turn              (no ring)
MPRegen  0.08/turn              (no ring)

@: no status effects
A: negative energy resistance 1, electricity resistance, unbreathing,
petrification resistance, rot immunity, AC +3
a: no special abilities


You were on level 2 of the Dungeon.
You were not hungry.

You visited 1 branch of the dungeon, and saw 2 of its levels.

You collected 59 gold pieces.

Inventory:

Hand Weapons
 a - a +0 mace (weapon)
Armour
 b - a +0 robe (worn)
Scrolls
 d - 2 scrolls of remove curse {unknown}
 g - a scroll of immolation {unknown}
 h - a scroll of identify {unknown}
 k - a scroll of blinking {unknown}
Potions
 e - a potion of mutation {unknown}
 i - a potion of agility
 j - a potion of lignification {unknown}
 l - 2 potions of haste {unknown}
 m - a potion of flight {unknown}
Comestibles
 c - 2 rations
 f - 2 chunks of flesh


   Skills:
 + Level 3.8 Fighting
 * Level 4.0 Maces & Flails
 - Level 2.4 Dodging
 - Level 2.1 Stealth


You had 2 spell levels left.
You didn't know any spells.
Your spell library was empty.

Dungeon Overview and Level Annotations

Branches:
Dungeon (1/15)

Altars:


Innate Abilities, Weirdness & Mutations

You are resistant to torment.
Your stone body is resilient. (AC +3)
You are immune to poison.
You resist negative energy. (rN+)
You are resistant to electric shocks. (rElec)
You can survive without breathing.
You are immune to petrification.
You are immune to rotting.


Message History

The giant cockroach misses you. The frilled lizard barely misses you.
The adder bites you.
The giant cockroach bites you but does no damage.
You sock the frilled lizard!
You kill the frilled lizard!
The adder bites you but does no damage.
The giant cockroach bites you but does no damage.
The adder bites you.
You closely miss the adder. The adder bites you.
* * * LOW HITPOINT WARNING * * *
You hit the adder.
The adder is lightly wounded.
The adder barely misses you. The adder misses you.
You closely miss the adder.
The adder is lightly wounded.
The adder closely misses you.
You hit the adder.
The adder is heavily wounded.
The adder misses you. The adder bites you.
You die...

##### #.... #...# #....
#...# #.....##...# ####
#..........###### .....
#.... #..>...)÷.##.....
.##.... ###..####........
/..)...####..#####.#.....
#....sS@..........# ....
.....#w##..#.....### ###
.......###.##.##....# .
..........#.#####.#
............#.##### .#
..........l.......# ..
..........#..###..# ..
.........l#..#$#..# .
........##.###.%#


You could see a worm, an adder and a giant cockroach.

Vanquished Creatures
  2 dart slugs (D:1)
  4 bats (D:1)
  4 giant cockroaches (D:1)
  4 goblins
  4 hobgoblins (D:1)
  A ball python (D:1)
  5 frilled lizards
  7 kobolds
  2 rats
33 creatures vanquished.

Notes
Turn   | Place    | Note
-------+----------+-------------------------------------------
     0 | D:1      | Mrkan the Gargoyle Monk began the quest for the Orb.
     0 | D:1      | Reached XP level 1. HP: 14/14 MP: 1/1
   122 | D:1      | Reached XP level 2. HP: 11/19 MP: 2/2
   260 | D:1      | Reached XP level 3. HP: 17/24 MP: 3/3
   375 | D:1      | You fall through a shaft!
   419 | D:2      | Reached skill level 4 in Maces & Flails
   450 | D:2      | Slain by an adder

Skill      XL: |  1  2  3 |
---------------+----------+-----
Maces & Flails | 4 |  4.0
Fighting       | |  3.8
Dodging        | |  2.4
Stealth        | |  2.1

Action                   || total
-------------------------++-------
Melee: Mace              ||   117
 Stab: Sleeping          ||     2
       Distracted        ||     1
Armor: Robe              ||    66
Dodge: Dodged            ||   110
